 Dungeon Crawl Stone Soup version 0.28.0-53-g5a82cb258f (webtiles) character file.

Game seed: 8034240931538817630

2739 jimonade the Slasher (level 10, 0/77 HPs)
             Began as a Formicid Fighter on July 18, 2022.
             Slain by a gnoll shaman
             ... wielding a +0 club
              (4 damage)
             ... on level 7 of the Dungeon.
             The game lasted 00:16:36 (6650 turns).

jimonade the Slasher (Formicid Fighter)             Turns: 6650, Time: 00:16:36

Health: 0/77       AC: 11    Str: 26    XL:     10   Next: 0%
Magic:  17/17      EV:  9    Int:  9    God:
Gold:   310        SH:  4    Dex: 12    Spells: 19/19 levels left

rFire   . . .      SeeInvis +   m - +10 falchion of Winter {flame, rPois Will+ Str+4}
rCold   . . .      Faith    .   c - +0 buckler
rNeg    . . .      Spirit   .   F - +0 chain mail
rPois   +          Reflect  .   (helmet unavailable)
rElec   .          Harm     .   M - +0 cloak
rCorr   .          Rampage  .   (no gloves)
Will    ++...                   (no boots)
Stlth   ..........              H - amulet of Cusufe Horem {Acrobat Regen+ Stlth+}
HPRegen 1.02/turn               (no ring)
MPRegen 0.15/turn               (no ring)

@: mighty, on fire, glowing
A: permanent stasis, dig shafts and tunnels, antennae 3, four strong arms
a: Dig, Shaft Self


You were on level 7 of the Dungeon.
You visited 1 branch of the dungeon, and saw 7 of its levels.

You collected 310 gold pieces.

Inventory:

Hand Weapons
 a - a +0 quarterstaff
 b - a +0 hunting sling
 i - a +0 short sword of speed
 m - the +10 falchion of Winter (weapon) {flame, rPois Will+ Str+4}
   (You found it on level 2 of the Dungeon)

   It burns those it strikes, dealing additional fire damage.
   Big, fiery blades are also staple armaments of hydra-hunters.
   Str:       It affects your strength (+4).
   rPois:     It protects you from poison.
   Will:      It increases your willpower.
 n - a +1 spear of venom
 s - a +1 short sword of flaming
 x - a +3 hand axe
 z - a +0 dagger of venom
 E - a +4 rapier of venom
 I - a +4 quarterstaff of chaos
Missiles
 g - 4 atropa-tipped darts
 h - 51 bolts
 j - 235 stones
 r - 20 poisoned darts (quivered)
 A - 3 boomerangs
 C - 50 sling bullets
 O - 32 arrows
Armour
 c - a +0 buckler (worn)
 e - a +0 scale mail
 k - a +0 leather armour
 q - a +0 troll leather armour
 F - a +0 chain mail (worn)
 M - a +0 cloak (worn)
Jewellery
 G - a ring of fire
 H - the amulet of Cusufe Horem (around neck) {Acrobat Regen+ Stlth+}
   (You found it on level 5 of the Dungeon)

   [amulet of the acrobat]

   It increases your evasion while moving and waiting.
   Regen:     It increases your rate of health regeneration.
   Stlth:     It makes you more stealthy.
 P - an amulet of faith
Wands
 y - a wand of digging (12)
 D - a wand of flame (29)
 J - a wand of paralysis (13)
Scrolls
 p - a scroll of fog {unknown}
 u - 3 scrolls of identify
 v - a scroll of silence
 N - a scroll of teleportation {unknown}
Potions
 f - 3 potions of curing
 l - 2 potions of lignification {unknown}
 o - 2 potions of flight {unknown}
 t - a potion of berserk rage {unknown}
 w - a potion of attraction {unknown}
 B - a potion of haste {unknown}
 K - a potion of magic {unknown}
 L - a potion of mutation {unknown}


   Skills:
 * Level 6.3 Fighting
 + Level 7.1 Long Blades
 - Level 3.2 Staves
 + Level 1.1 Throwing
 + Level 6.8 Armour
 + Level 1.8 Dodging
 + Level 1.2 Stealth
 - Level 3.6 Shields
 * Level 5.1 Spellcasting
 * Level 3.7 Ice Magic


You had 19 spell levels left.
You didn't know any spells.
Your spell library contained the following spells:

 Spells                   Type           Power      Damage    Failure   Level
 Freeze                   Ice            36%        1d6       34%         1
 Frozen Ramparts          Ice            18%        1d3       71%         3
 Animate Skeleton         Necr           4%         N/A       86%         1
 Apportation              Tloc           4%         N/A       86%         1
 Magic Dart               Conj           8%         1d3       86%         1
 Summon Small Mammal      Summ           8%         N/A       86%         1
 Searing Ray              Conj           4%         2d4       94%         2
 Lesser Beckoning         Tloc           2%         N/A       99%         3
 Fulminant Prism          Conj/Hex       1%         3d6       100%        4
 Hailstorm                Conj/Ice       5%         3d4       100%        4
 Blink                    Tloc           Unusable   N/A       N/A         2

Dungeon Overview and Level Annotations

Branches:
Dungeon (7/15)
 Temple: D:4-7

Altars:
Hepliaklqana
Sif Muna

Shops:
D:5 *   D:6 =


Innate Abilities, Weirdness & Mutations

You cannot be hasted, slowed, berserked, paralysed or teleported.
You can dig through walls and to a lower floor.
You have a pair of large antennae on your head. (SInv)
Your four strong arms can wield two-handed weapons with a shield.


Message History

You hit the fire elemental.
The fire elemental is severely damaged.
The fire elemental closely misses you. The fire elemental hits you.
The fire elemental burns you!
You hit the fire elemental.
The fire elemental is almost destroyed.
The deep elf pyromancer gestures wildly while chanting.
The deep elf pyromancer blinks!
The fire elemental hits you. The fire elemental burns you!
You closely miss the fire elemental.
The fire elemental is almost destroyed.
The fire elemental hits you. The fire elemental burns you!
You hit the fire elemental but do no damage.
The fire elemental is almost destroyed.
The fire elemental hits you. The fire elemental burns you!
You barely miss the fire elemental.
The fire elemental is almost destroyed.
The fire elemental hits you. The fire elemental burns you!
The fire elemental hits you. The fire elemental burns you!
You barely miss the fire elemental.
The fire elemental is almost destroyed.
The fire elemental hits you. The fire elemental burns you!
* * * LOW HITPOINT WARNING * * *
You slash the fire elemental!
You destroy the fire elemental!
The fire elemental disappears in a puff of smoke!
The deep elf pyromancer casts a spell at you.
The sticky flame hits you.
You are covered in liquid flames!
* * * LOW HITPOINT WARNING * * *
You feel very mighty all of a sudden.
You are covered in liquid flames!
* * * LOW HITPOINT WARNING * * *
The deep elf pyromancer mumbles some strange words.
The deep elf pyromancer blinks!
You closely miss the gnoll shaman.
You are covered in liquid flames!
* * * LOW HITPOINT WARNING * * *
The gnoll shaman hits you with a +0 club.
You die...

#......###############.#.########
................................#
#......##################..####..
###....## #........ # #.##..#
#....#### # #.###.###
######..#..... ..#.# #...##
##.......##.... .....####..#
######..#####....###
#..........###.g@...#[........#
#....####..##.######.......#..#
##.#.###.....○######.......#..#
#........#°{...##..........#
#....##........#............
#.### ##.#####............. ..
#.......g..........>
.#########..##....##........
.........e..........#......


You could see a gnoll shaman.

Vanquished Creatures
  A troll (D:6)
  Prince Ribbit (D:6)
  Duvessa (D:4)
  2 water moccasins
  An ice beast (D:6)
  2 sky beasts
  A necrophage (D:6)
  A hornet zombie (D:7)
  3 ogres
  A phantom (D:4)
  Blork the orc (D:5)
  2 kobold brigands
  A gnoll sergeant (D:5)
  2 water moccasin zombies
  Dowan (D:4)
  A killer bee (D:7)
  4 wights (D:6)
  A jelly (D:5)
  Crazy Yiuf (D:6)
  An orc priest (D:4)
  A bullfrog skeleton (D:6)
  Natasha (thrice) (D:3)
  4 iguanas
  An orc wizard (D:4)
  A hound skeleton (D:4)
  Robin (D:4)
  4 adders
  13 gnolls
  3 ufetubi
  An adder skeleton (D:4)
  A worm (D:5)
  2 dart slugs
  12 orcs
  7 bats
  10 endoplasms
  2 giant cockroaches (D:3)
  13 hobgoblins
  2 jackals (D:4)
  5 quokkas
  6 ball pythons
  9 frilled lizards
  12 goblins
  12 kobolds
  6 rats
160 creatures vanquished.

Vanquished Creatures (others)
  A goblin (D:4)
  A fungus (D:6)
2 creatures vanquished.

Grand Total: 162 creatures vanquished

Notes
Turn   | Place    | Note
-------+----------+-------------------------------------------
     0 | D:1      | jimonade the Formicid Fighter began the quest for the Orb.
     0 | D:1      | Reached XP level 1. HP: 18/18 MP: 1/1
   100 | D:1      | Reached XP level 2. HP: 24/24 MP: 2/2
   233 | D:1      | Found a faded altar of an unknown god.
   283 | D:1      | Reached XP level 3. HP: 29/30 MP: 3/3
   753 | D:2      | Identified the +10 falchion of Winter {flame, rPois Will+
                  | Str+4}
   921 | D:2      | Reached XP level 4. HP: 22/37 MP: 4/4
  1430 | D:2      | Reached XP level 5. HP: 42/42 MP: 5/5
  1562 | D:2      | Got the Almanac of the Traveller
  1979 | D:3      | Found a shimmering blue altar of Sif Muna.
  2122 | D:3      | Noticed Natasha
  2125 | D:3      | Killed Natasha
  2126 | D:3      | Reached skill level 1 in Long Blades
  2217 | D:3      | Noticed Natasha
  2222 | D:3      | Killed Natasha
  2223 | D:3      | Reached skill level 1 in Spellcasting
  2407 | D:3      | Noticed Natasha
  2414 | D:3      | Killed Natasha
  2415 | D:3      | Reached XP level 6. HP: 36/48 MP: 8/8
  2780 | D:4      | Reached skill level 2 in Long Blades
  2780 | D:4      | Reached skill level 1 in Dodging
  2880 | D:4      | Noticed Robin
  2905 | D:4      | Killed Robin
  3079 | D:4      | Reached skill level 3 in Long Blades
  3079 | D:4      | Reached XP level 7. HP: 55/55 MP: 10/10
  3304 | D:4      | Noticed Duvessa
  3304 | D:4      | Noticed Dowan
  3308 | D:4      | Killed Duvessa
  3309 | D:4      | Reached skill level 5 in Armour
  3317 | D:4      | Killed Dowan
  3792 | D:5      | Entered Level 5 of the Dungeon
  3802 | D:5      | Reached skill level 4 in Long Blades
  3854 | D:5      | Identified the amulet of Cusufe Horem {Acrobat Regen+
                  | Stlth+}
  3935 | D:5      | Reached XP level 8. HP: 43/61 MP: 12/12
  4183 | D:5      | Noticed Blork the orc
  4192 | D:5      | Killed Blork the orc
  4193 | D:5      | Reached skill level 5 in Fighting
  4427 | D:5      | Reached skill level 5 in Long Blades
  4528 | D:5      | Found Feumim's General Store.
  4562 | D:5      | Reached skill level 1 in Stealth
  5004 | D:6      | Reached skill level 1 in Ice Magic
  5432 | D:6      | Noticed a troll
  5446 | D:6      | Reached XP level 9. HP: 61/68 MP: 14/14
  5449 | D:6      | Killed a troll
  5450 | D:6      | Reached skill level 6 in Long Blades
  5480 | D:6      | Reached skill level 1 in Throwing
  5600 | D:6      | Found a hazy altar of Hepliaklqana.
  5951 | D:6      | Found a runed translucent door.
  5952 | D:6      | Noticed Crazy Yiuf
  5961 | D:6      | Killed Crazy Yiuf
  6053 | D:6      | Noticed Prince Ribbit
  6061 | D:6      | Killed Prince Ribbit
  6392 | D:6      | Found Mipnos's Jewellery Emporium.
  6397 | D:6      | Reached skill level 5 in Spellcasting
  6625 | D:7      | Noticed a deep elf pyromancer
  6640 | D:7      | Reached skill level 7 in Long Blades
  6640 | D:7      | Reached XP level 10. HP: 77/77 MP: 17/17
  6650 | D:7      | HP: 3/77 [burnt (3)]
  6650 | D:7      | Slain by a gnoll shaman

Illustrated notes

Levels and vault maps discovered:
D:1:      minmay_arrival_shoal_huts, layout_rooms,
          hellmonk_ecumenical_altar_zigzags
D:2:      layout_rooms, minivault_24
D:3:      layout_basic, overflow_temple_1_default, uniq_natasha
D:4:      layout_cave_pods, minivault_24, uniq_duvessa, uniq_robin
D:5:      layout_loops_cross, serial_shops, shop, minivault_26,
          uniq_blork_the_orc
D:6:      layout_basic, mainiacjoe_overflow_tiny_flanked, serial_shops,
          nicolae_shop_advertising_works [nicolae_subvault_shop_adworks],
          uniq_crazy_yiuf_cottage, uniq_prince_ribbit1
D:7:      hangedman_cross_stitches, layout_rooms, temple_hall

Skill      XL: |  1  2  3  4  5  6  7  8  9 |
---------------+----------------------------+-----
Staves         | 3 |  3.2
Armour         | 4 5 6 |  6.8
Fighting       | 4 5 6 |  6.3
Long Blades    | 1 3 4 5 7 |  7.1
Spellcasting   | 1 2 3 5 |  5.1
Dodging        | 1 |  1.8
Stealth        | 1 |  1.2
Ice Magic      | 2 3 |  3.7
Throwing       | 1 |  1.1
Shields        | |  3.6

Action                   |  1- 3 |  4- 6 |  7- 9 | 10-12 || total
-------------------------+-------+-------+-------+-------++-------
Melee: Quarterstaff      |    84 |       |       |       ||    84
       Falchion          |     7 |   121 |   177 |    10 ||   315
Throw: Dart              |       |       |     3 |       ||     3
  Use: Scroll            |       |       |     6 |       ||     6
       Potion            |       |       |       |     1 ||     1
Armor: Scale mail        |    46 |    39 |     2 |       ||    87
       Chain mail        |       |       |    46 |     6 ||    52
Dodge: Dodged            |    46 |    63 |    62 |     2 ||   173
Block: Buckler           |    19 |    18 |    21 |       ||    58
